[Event "*** SCC Grand Prix: Titled Tuesday Blitz"]
[Site "Chess.com"]
[Date "2020.06.09"]
[Round "6"]
[White "eCztery"]
[Black "2008king"]
[Result "0-1"]
[WhiteElo "2394"]
[BlackElo "2197"]
[TimeControl "180+1"]
[EndTime "10:05:05 PDT"]
[Termination "2008king won by resignation"]

1. e4 e5 2. Nf3 Nc6 3. d4 exd4 4.
Nxd4 Nf6 5. Nc3 Bb4 6. Nxc6 bxc6 7. Bd3 d5 8. exd5 cxd5 9. O-O O-O 10. Bg5 c6 11.
Qf3 Bd6 12. Rae1 Rb8 13. Nd1 h6 14. Bxf6 Qxf6 15. Qxf6 gxf6 16. b3 Be6 17. Ne3 Bb4 18.
Re2 Rfe8 19. Nf5 Bxf5 20. Rxe8+ Rxe8 21. Bxf5 Re5 22. Bd3 Kf8 23. g3 Ke7 24. Kg2 Kd6 25. a3 Bxa3 26. f4 Re3 27. Kh3 Bc5 28. Kg4 Re8 29.
Kf5 Bd4 30. Rd1 Bc3 31. Kg4 h5+ 32. Kh4 a5 33. h3 Rh8 34. Be2 f5 35. Kg5 Ke6 0-1

[Event "*** SCC Grand Prix: Titled Tuesday Blitz"]
[Site "Chess.com"]
[Date "2020.06.09"]
[Round "6"]
[White "IwkooO"]
[Black "tamarozi99"]
[Result "1-0"]
[WhiteElo "2577"]
[BlackElo "2054"]
[TimeControl "180+1"]
[EndTime "10:05:06 PDT"]
[Termination "IwkooO won by resignation"]

1. e4 c5 2. Nf3 Nc6 3. d4 cxd4 4. Nxd4 g6 5. Nc3 Bg7 6. Be3 Nf6 7. Bc4 O-O 8. Bb3 Qa5 9. O-O a6 10. h3 b5 11. a3 Bb7 12. Re1 Rfd8 13. Nxc6 dxc6 14.
Qf3 Qc7 15. Bc5 e5 16. Rad1 Bf8 17. Bxf8 Kxf8 18. Qxf6 Rxd1 19. Rxd1 Kg8 20. Qxf7+ Qxf7 21. Bxf7+ Kxf7 22. Rd7+ Ke6 23. Rxb7 h5 24. h4 a5 25. Rg7 b4 26. Rxg6+ Kf7 27. Rxc6 bxc3 28. Rxc3 Rb8 29. b3 Rd8 30. f3 Rd1+ 31. Kf2 Rh1 32. Kg3 Ra1 33. a4 Rc1 34. Rc5 Ke6 35. Rxa5 Rxc2 36.
Ra6+ Kf7 37. b4 Rb2 38. b5 Rb4 39. b6 Ke7 40. a5 Kd7 41. Ra7+ Kc6 42. Rc7+ Kd6 43.
Rh7 Kc5 44. b7 Kd4 45. a6 Ke3 46. a7 1-0

[Event "*** SCC Grand Prix: Titled Tuesday Blitz"]
[Site "Chess.com"]
[Date "2020.06.09"]
[Round "6"]
[White "pooh2012"]
[Black "Reader777"]
[Result "0-1"]
[WhiteElo "2418"]
[BlackElo "2600"]
[TimeControl "180+1"]
[EndTime "10:05:09 PDT"]
[Termination "Reader777 won by resignation"]

1. d4 Nf6 2. Nc3 d5 3. Bf4 e6 4. e3 c5 5. Nge2 Nc6 6. h3 Bd6 7. Qd2 Bxf4 8. Nxf4 cxd4 9. exd4 a6 10. g4 b5 11. Bg2 b4 12. Nce2 Bb7 13. Ng3 Qb6 14.
g5 Nd7 15. O-O-O a5 16. Rhe1 O-O 17. h4 a4 18. Bh3 b3 19. cxb3 axb3 20. a3 Rfc8 21. Kb1 Nf8 22. h5 Na5 23. g6 Nc4 24. gxf7+ Kh8 25. Qb4 Qxb4 26. axb4 Ra2 27. Nd3 Rca8 0-1

[Event "*** SCC Grand Prix: Titled Tuesday Blitz"]
[Site "Chess.com"]
[Date "2020.06.09"]
[Round "6"]
[White "WeAintSurePal"]
[Black "Kilpkonn"]
[Result "1-0"]
[WhiteElo "2285"]
[BlackElo "2007"]
[TimeControl "180+1"]
[EndTime "10:05:09 PDT"]
[Termination "WeAintSurePal won on time"]

1. d4 Nf6 2. c4 e5 3. Nc3 exd4 4. Qxd4 Nc6 5. Qd1 Bb4 6. Bd2 O-O 7. e3 d6 8. Nf3 Bg4 9. Be2 a6 10. O-O Qd7 11. a3 Ba5 12. Nd5 Bxd2 13. Nxf6+ gxf6 14. Nxd2 Bf5 15. h3 Kh8 16. Bg4 Rg8 17. Bxf5 Qxf5 18.
Qf3 Qg6 19. Ne4 Ne5 20. Qxf6+ Qxf6 21. Nxf6 Rg6 22. Nd5 Rag8 23. Nf4 Rg5 24. Rac1 Nf3+ 25. Kh1 Nd2 26. Rfd1 Ne4 27. Kg1 b6 28. Rd5 f5 29. b4 c6 30. Rdd1 R5g7 31. f3 Ng3 32.
Kf2 Re7 33. Rxd6 h5 34. Rh6+ 1-0

[Event "*** SCC Grand Prix: Titled Tuesday Blitz"]
[Site "Chess.com"]
[Date "2020.06.09"]
[Round "6"]
[White "Logman74"]
[Black "Chess2019Player"]
[Result "0-1"]
[WhiteElo "2336"]
[BlackElo "2177"]
[TimeControl "180+1"]
[EndTime "10:05:11 PDT"]
[Termination "Chess2019Player won on time"]

1. e4 e6 2. Nf3 d5 3. Nc3 Nf6 4.
e5 Nfd7 5. d4 c5 6. Bd3 Nc6 7.
Be3 Be7 8. O-O Nb4 9. dxc5 Nxc5 10. a3 Nc6 11. Bb5 a6 12. Bxc6+ bxc6 13. Nd4 Qc7 14.
f4 Nd7 15. Kh1 c5 16. Nb3 d4 17. Nxd4 cxd4 18. Bxd4 Bb7 19. Qg4 g6 20. Rad1 h5 21.
Qh3 O-O 22. f5 exf5 23. Rxf5 Bc5 24. e6 Bxd4 25. Rxd4 fxe6 0-1

[Event "*** SCC Grand Prix: Titled Tuesday Blitz"]
[Site "Chess.com"]
[Date "2020.06.09"]
[Round "6"]
[White "Boninknights"]
[Black "Kapibara_Warri0r"]
[Result "1-0"]
[WhiteElo "2334"]
[BlackElo "2117"]
[TimeControl "180+1"]
[EndTime "10:05:13 PDT"]
[Termination "Boninknights won by resignation"]

1. d4 Nf6 2. Nf3 g6 3. c4 Bg7 4.
Nc3 d6 5. e4 O-O 6. Be2 e5 7.
dxe5 dxe5 8. Qxd8 Rxd8 9. Bg5 Re8 10. Nd5 Nxd5 11. cxd5 c6 12. Bc4 a5 13. a3 b5 14. Ba2 c5 15. a4 Bd7 16. O-O Bf8 17.
axb5 Bxb5 18. Rfc1 Na6 19. Nd2 Nb4 20. Bc4 Nd3 21.
Bxb5 Nxc1 22. Bxe8 Ne2+ 23. Kf1 Nd4 24. Bd7 Ra7 25.
Ba4 Rb7 26. b3 h6 27. Be3 Nc2 28. Rc1 Nxe3+ 29. fxe3 1-0

[Event "*** SCC Grand Prix: Titled Tuesday Blitz"]
[Site "Chess.com"]
[Date "2020.06.09"]
[Round "6"]
[White "MathiasWomacka"]
[Black "Haykos"]
[Result "0-1"]
[WhiteElo "2398"]
[BlackElo "2592"]
[TimeControl "180+1"]
[EndTime "10:05:17 PDT"]
[Termination "Haykos won by checkmate"]

1. e4 c5 2. Nf3 e6 3. d4 cxd4 4. Nxd4 Nf6 5. Nc3 Nc6 6. Nxc6 bxc6 7. e5 Nd5 8. Ne4 Qc7 9. f4 Qb6 10. c4 Bb4+ 11. Ke2 f5 12. exf6 Nxf6 13. Be3 Qd8 14.
Nd6+ Bxd6 15. Qxd6 c5 16. Bxc5 Ne4 17. Qd4 Nxc5 18. Qxc5 Bb7 19. Kf2 Rc8 20. Qd6 Rc6 21. Qd4 O-O 22. Bd3 e5 23. Qxe5 Qb6+ 24. Kg3 Re6 25. c5 Qb4 26. a3 Rxe5 27. axb4 Re3+ 28. Kg4 Rxd3 29. Rxa7 Bxg2 30. Re1 Bf3+ 31. Kg5 h6+ 32. Kg6 Rf6# 0-1

[Event "*** SCC Grand Prix: Titled Tuesday Blitz"]
[Site "Chess.com"]
[Date "2020.06.09"]
[Round "6"]
[White "kirillshevchenko"]
[Black "MisiekZielony"]
[Result "1-0"]
[WhiteElo "2896"]
[BlackElo "2152"]
[TimeControl "180+1"]
[EndTime "10:05:21 PDT"]
[Termination "kirillshevchenko won on time"]

1. e4 Nf6 2. e5 Nd5 3. d4 d6 4. c4 Nb6 5. exd6 exd6 6. Nc3 Be7 7. Bd3 O-O 8. Nge2 Nc6 9. O-O Bf6 10. b3 g6 11. Be3 Bg4 12. Qd2 Bxe2 13. Nxe2 Re8 14. Rae1 Bg7 15. h3 Qd7 16. d5 Ne5 17. Bb1 Qe7 18.
Nc3 Qf8 19. f4 Nexc4 20. bxc4 Nxc4 21. Qd3 Nxe3 22. Rxe3 Rxe3 23. Qxe3 Re8 24. Qd2 Qe7 25. Ne4 f5 26. Ng5 Qe3+ 27. Qxe3 Rxe3 28. Rc1 Bb2 29. Rd1 Rc3 30. Ne6 Kf7 31. Nd8+ 1-0

[Event "*** SCC Grand Prix: Titled Tuesday Blitz"]
[Site "Chess.com"]
[Date "2020.06.09"]
[Round "6"]
[White "Siniauski"]
[Black "diablanni"]
[Result "1-0"]
[WhiteElo "2507"]
[BlackElo "2328"]
[TimeControl "180+1"]
[EndTime "10:05:23 PDT"]
[Termination "Siniauski won by resignation"]

1. e4 c5 2. Nf3 Nc6 3. Bb5 Nf6 4.
Bxc6 dxc6 5. d3 Bg4 6. h3 Bh5 7.
Nbd2 Nd7 8. Nf1 f6 9. g4 Bf7 10. Ng3 e5 11. Be3 Qc7 12. Qd2 O-O-O 13. O-O-O Qb6 14. Kb1 Qa6 15. b3 b5 16. Nh4 Nb6 17.
Qc3 b4 18. Qb2 Qb5 19. g5 a5 20. f4 exf4 21. Bxf4 fxg5 22. Bxg5 Be6 23. Bxd8 Kxd8 24. Qe5 Kd7 25. d4 c4 26. Qxb5 cxb5 27. d5 Bf7 28. Rhf1 Be8 29. e5 1-0

[Event "*** SCC Grand Prix: Titled Tuesday Blitz"]
[Site "Chess.com"]
[Date "2020.06.09"]
[Round "6"]
[White "goofypenguin96"]
[Black "BulletMercenary"]
[Result "1-0"]
[WhiteElo "2300"]
[BlackElo "2118"]
[TimeControl "180+1"]
[EndTime "10:05:24 PDT"]
[Termination "goofypenguin96 won by resignation"]

1. e4 d6 2. d4 g6 3. Nf3 Bg7 4. c4 Nd7 5. Nc3 e6 6. Be2 Ne7 7. O-O O-O 8. Be3 f5 9. Bg5 Qe8 10. Qd2 c6 11. Rad1 e5 12. dxe5 Bxe5 13. Bxe7 Qxe7 14. exf5 Bxc3 15. bxc3 Rxf5 16. Rfe1 Rf6 17. Ng5 Qf8 18. Bf3 Nc5 19. h4 Bf5 20. h5 h6 21. Ne4 Nxe4 22. Bxe4 Bg4 23. f3 Bxh5 24. g4 Rf4 25. gxh5 Qf6 26. Re2 Rh4 27. Bxg6 Qxf3 28.
Rg2 Rg4 29. Rf1 1-0

[Event "*** SCC Grand Prix: Titled Tuesday Blitz"]
[Site "Chess.com"]
[Date "2020.06.09"]
[Round "6"]
[White "pedro_gines"]
[Black "AndrewDGreen"]
[Result "1-0"]
[WhiteElo "2470"]
[BlackElo "2338"]
[TimeControl "180+1"]
[EndTime "10:05:26 PDT"]
[Termination "pedro_gines won by checkmate"]

1. Nf3 c5 2. c4 g6 3. Nc3 Nc6 4. g3 Bg7 5. Bg2 d6 6. O-O Bf5 7. d3 Qd7 8. Re1 Bh3 9. Bh1 h5 10. a3 h4 11. Rb1 hxg3 12. hxg3 Bg4 13. Bd2 Qf5 14. b4 Qh5 15. Bg2 Nf6 16. bxc5 Ne5 17.
cxd6 Bxf3 18. exf3 Qh2+ 19. Kf1 O-O-O 20. Rxe5 Ng4 21.
fxg4 Bxe5 22. Bxb7+ Kd7 23. Qa4+ Ke6 24. Ne4 Bd4 25.
Bd5+ Ke5 26. f4# 1-0

[Event "*** SCC Grand Prix: Titled Tuesday Blitz"]
[Site "Chess.com"]
[Date "2020.06.09"]
[Round "6"]
[White "heartofatiger"]
[Black "KaterinaMiroshnik"]
[Result "1-0"]
[WhiteElo "2598"]
[BlackElo "2422"]
[TimeControl "180+1"]
[EndTime "10:05:29 PDT"]
[Termination "heartofatiger won by resignation"]

1. e4 e6 2. d4 d5 3. Nc3 Nf6 4. e5 Nfd7 5. Nce2 c5 6. c3 Nc6 7. f4 a5 8. Nf3 a4 9. h4 a3 10. b3 cxd4 11. cxd4 Bb4+ 12. Bd2 Qb6 13. h5 h6 14. Rh3 Bxd2+ 15. Qxd2 Qb4 16. Qxb4 Nxb4 17. Kd2 Nb6 18. Nc3 Bd7 19. Ne1 Ke7 20. Bd3 Rhc8 21. Nc2 Nxd3 22. Rxd3 Rc7 23. Rc1 f6 24. Nb1 Rcc8 25.
Ncxa3 Be8 26. Rxc8 Rxc8 27. g4 f5 28. gxf5 exf5 29.
Rg3 Kf8 30. Rh3 Ra8 31. Kc3 Bf7 32. Kb2 Be8 33. Nc3 Rc8 34. Nc2 Kg8 35. Ne3 Bd7 36.
Nexd5 Nxd5 37. Nxd5 Kf7 38. Nb6 Rd8 39. d5 Be8 40. Rc3 Kf8 41. Rc7 Bxh5 42. d6 Bf7 43.
Rxb7 h5 44. Rc7 h4 45. Rc3 g5 46. fxg5 f4 47. Rf3 1-0

[Event "*** SCC Grand Prix: Titled Tuesday Blitz"]
[Site "Chess.com"]
[Date "2020.06.09"]
[Round "6"]
[White "RobertoJBM"]
[Black "g3god"]
[Result "0-1"]
[WhiteElo "2728"]
[BlackElo "2887"]
[TimeControl "180+1"]
[EndTime "10:05:31 PDT"]
[Termination "g3god won on time"]

1. d4 Nf6 2. c4 e6 3. Nc3 Bb4 4. Qc2 O-O 5. a3 Bxc3+ 6. Qxc3 d5 7. Bg5 c5 8. Nf3 cxd4 9. Qxd4 Nc6 10. Qh4 dxc4 11.
Qxc4 e5 12. e3 Be6 13. Qh4 h6 14. Bxf6 Qxf6 15. Qxf6 gxf6 16. Bb5 Na5 17. Rc1 Nb3 18. Rc3 Rac8 19. Nd2 Rxc3 20. bxc3 Nc5 21. Ke2 Rd8 22. e4 a6 23. Bc4 Nxe4 24. Nxe4 Bxc4+ 25. Ke1 f5 26. Nd2 Bd3 27. Nf3 f6 28. Kd2 Bc4+ 29. Kc2 Kf7 0-1

[Event "*** SCC Grand Prix: Titled Tuesday Blitz"]
[Site "Chess.com"]
[Date "2020.06.09"]
[Round "6"]
[White "Batsai"]
[Black "Gromes7"]
[Result "1-0"]
[WhiteElo "2308"]
[BlackElo "2050"]
[TimeControl "180+1"]
[EndTime "10:05:32 PDT"]
[Termination "Batsai won by checkmate"]

1. d4 Nf6 2. c4 e6 3. Nc3 Bb4 4. a3 Bxc3+ 5. bxc3 b6 6. f3 Nc6 7. e4 Ba6 8. Bg5 h6 9. Bh4 g5 10. Bf2 Na5 11. h4 Rg8 12. hxg5 hxg5 13. e5 Bxc4 14. exf6 Qxf6 15. Ne2 g4 16. Ng3 O-O-O 17. Bxc4 Nxc4 18. fxg4 Qf4 19. O-O Rxg4 20. Qf3 Qg5 21. Qa8# 1-0

[Event "*** SCC Grand Prix: Titled Tuesday Blitz"]
[Site "Chess.com"]
[Date "2020.06.09"]
[Round "6"]
[White "Aygehovit1992"]
[Black "obliviate12"]
[Result "0-1"]
[WhiteElo "2689"]
[BlackElo "2818"]
[TimeControl "180+1"]
[EndTime "10:05:34 PDT"]
[Termination "obliviate12 won on time"]

1. e4 c6 2. Nc3 d5 3. Qf3 d4 4. Bc4 Nf6 5. e5 dxc3 6. exf6 exf6 7. dxc3 Be7 8. Bf4 O-O 9. Ne2 Nd7 10. O-O-O Qa5 11. h4 Ne5 12. Bxe5 fxe5 13. h5 Be6 14. Qe4 Qa4 15. b3 Qxa2 16. Bxe6 fxe6 17. Qxe5 Rad8 18. Nd4 Rxf2 19. Qxe6+ Kh8 0-1

[Event "*** SCC Grand Prix: Titled Tuesday Blitz"]
[Site "Chess.com"]
[Date "2020.06.09"]
[Round "6"]
[White "BogdanBelyakov89"]
[Black "gmmoranda"]
[Result "1/2-1/2"]
[WhiteElo "2642"]
[BlackElo "2777"]
[TimeControl "180+1"]
[EndTime "10:05:35 PDT"]
[Termination "Game drawn by agreement"]

1. e4 c5 2. c3 d5 3. exd5 Qxd5 4. Nf3 Nf6 5. Na3 e6 6. Be2 Be7 7. d4 O-O 8. Nb5 Na6 9. dxc5 Qxd1+ 10. Bxd1 Nxc5 11.
O-O Bd7 12. Nbd4 Rfd8 13. Be2 Rac8 14. h3 a6 15. Be3 Na4 16. Rab1 b5 17. Ne5 Be8 18. Bf3 Nd5 19. Bd2 Bf6 20. Rfe1 Nab6 21. Ng4 Bxd4 22. cxd4 Nc4 23. Bg5 f6 24. Bh4 Bg6 25.
Rbc1 Kf7 26. b3 Nb2 27. Bxd5 exd5 28. Rxc8 Rxc8 29. Ne3 Nd3 30. Rd1 Nf4 31. Bg3 Ne2+ 32. Kh2 Rc3 33. Nxd5 Rd3 34. Rxd3 Bxd3 35. Nb4 Bb1 36.
a4 Nxd4 37. Nxa6 bxa4 38. bxa4 Bc2 39. Nc5 Ne6 40. Nxe6 Kxe6 41. a5 Bd3 1/2-1/2

[Event "*** SCC Grand Prix: Titled Tuesday Blitz"]
[Site "Chess.com"]
[Date "2020.06.09"]
[Round "6"]
[White "NicoChasin"]
[Black "northridgehawk"]
[Result "1-0"]
[WhiteElo "2470"]
[BlackElo "2346"]
[TimeControl "180+1"]
[EndTime "10:05:35 PDT"]
[Termination "NicoChasin won by resignation"]

1. e4 e5 2. Nf3 Nc6 3. Bc4 Nf6 4. d3 Bc5 5. c3 d6 6. b4 Bb6 7. O-O h6 8. a4 a5 9. b5 Ne7 10. Nbd2 g5 11. Bb3 Ng6 12. Nc4 Ba7 13. Nxa5 g4 14. Ne1 Nh5 15. Nc4 Qh4 16. Be3 Nhf4 17. a5 Rg8 18. Bxa7 Rxa7 19. b6 Ra8 20. bxc7 Nh3+ 21. Kh1 Nxf2+ 22. Rxf2 Qxf2 23. Nxd6+ Ke7 24. Nc2 Nf4 25.
Nxc8+ Raxc8 26. Qf1 g3 27. Qxf2 gxf2 28. Ne3 Nxd3 29.
Nd5+ Kd6 30. Rf1 Rg4 31. Bc2 Ne1 32. Bb1 Rxg2 33. Ne3 Rcg8 34. Nxg2 Rxg2 35. c8=Q Nf3 36. Kxg2 1-0

[Event "*** SCC Grand Prix: Titled Tuesday Blitz"]
[Site "Chess.com"]
[Date "2020.06.09"]
[Round "6"]
[White "PavelChernomordik"]
[Black "pfalcon1949"]
[Result "1-0"]
[WhiteElo "2272"]
[BlackElo "1924"]
[TimeControl "180+1"]
[EndTime "10:05:35 PDT"]
[Termination "PavelChernomordik won by resignation"]

1. e4 e6 2. Qe2 c5 3. f4 Nc6 4. Nf3 Nf6 5. g3 d5 6. e5 Nd7 7. Bg2 Be7 8. O-O b6 9. d3 Bb7 10. Nc3 Rc8 11. f5 Nd4 12. Nxd4 cxd4 13. Nb5 Nc5 14. Nxd4 exf5 15. Nxf5 Ne6 16. c3 O-O 17. d4 Bg5 18. h4 Bxc1 19. Raxc1 Qc7 20. Nd6 Rb8 21. Qg4 a6 22. h5 h6 23. Rf6 Kh7 24. Rxf7 Rxf7 25. Qg6+ Kg8 26. Qxe6 Qe7 27. Qxf7+ Qxf7 28.
Nxf7 Kxf7 29. Rf1+ Ke7 30. Rf4 a5 31. Rg4 Kf7 32.
Rg6 Ba6 33. Bxd5+ Kf8 34. Rd6 Bd3 35. Rd7 b5 36. Rf7+ Ke8 37. Rxg7 Rb6 38. e6 b4 39.
c4 Bb1 40. c5 Ra6 41. Bc4 1-0

[Event "*** SCC Grand Prix: Titled Tuesday Blitz"]
[Site "Chess.com"]
[Date "2020.06.09"]
[Round "6"]
[White "Jbd735"]
[Black "Flawless_Fighter"]
[Result "0-1"]
[WhiteElo "2459"]
[BlackElo "2612"]
[TimeControl "180+1"]
[EndTime "10:05:36 PDT"]
[Termination "Flawless_Fighter won by checkmate"]

1. e4 c6 2. d4 d5 3. Nc3 dxe4 4. Nxe4 Bf5 5. Ng3 Bg6 6. h4 h6 7. Nf3 Nd7 8. Bd3 Bxd3 9. Qxd3 Ngf6 10. Bd2 e6 11.
O-O-O Be7 12. Kb1 Qb6 13. Ne4 Rd8 14. Nxf6+ Nxf6 15. c4 c5 16. Bc3 O-O 17. Qe2 cxd4 18. Bxd4 Qc6 19. Ne5 Qc7 20. g4 Bc5 21. Bc3 Rxd1+ 22.
Qxd1 Rd8 23. Qf3 Bd4 24. Bxd4 Rxd4 25. Re1 Qa5 26. Qe2 Re4 27. Qxe4 Nxe4 28. Rxe4 Qd2 29. f3 Qd1# 0-1

[Event "*** SCC Grand Prix: Titled Tuesday Blitz"]
[Site "Chess.com"]
[Date "2020.06.09"]
[Round "6"]
[White "kingofkolkata"]
[Black "quesfr"]
[Result "0-1"]
[WhiteElo "2171"]
[BlackElo "2247"]
[TimeControl "180+1"]
[EndTime "10:05:36 PDT"]
[Termination "quesfr won by checkmate"]

1. d4 d5 2. Bg5 Nf6 3. Bxf6 gxf6 4. g3 c5 5. Bg2 e6 6. c3 Nc6 7. e3 Qb6 8. Qb3 Qxb3 9. axb3 Bd7 10. Nd2 O-O-O 11.
Ne2 Kb8 12. h4 Bc8 13. O-O Rg8 14. f4 b6 15. Kh2 Ne7 16. c4 Nf5 17. cxd5 Nxe3 18.
dxe6 Nxf1+ 19. Nxf1 fxe6 20. dxc5 Bxc5 21. Nc3 Bb7 22. Ne4 Be7 23. Ne3 Rd3 24. Nc4 Rxb3 25. Re1 Bd5 26. Ned2 Rbxg3 27. Bxd5 exd5 28. Rxe7 Rg2+ 29. Kh1 dxc4 30. Nf3 Rf2 31. Nd4 Rc8 32. f5 Rf4 33.
Nb5 Rg8 34. Nxa7 Rxh4# 0-1

[Event "*** SCC Grand Prix: Titled Tuesday Blitz"]
[Site "Chess.com"]
[Date "2020.06.09"]
[Round "6"]
[White "chesstrainer2042"]
[Black "MarceloPlaya"]
[Result "0-1"]
[WhiteElo "2438"]
[BlackElo "2248"]
[TimeControl "180+1"]
[EndTime "10:05:37 PDT"]
[Termination "MarceloPlaya won by resignation"]

1. d4 e6 2. e4 d5 3. Nd2 c5 4. Ngf3 Nc6 5. exd5 exd5 6. Bb5 Bd6 7. O-O Ne7 8. dxc5 Bxc5 9. Nb3 Bb6 10. Bg5 O-O 11.
h3 Qd6 12. Re1 h6 13. Bxe7 Nxe7 14. Nbd4 Nf5 15. c3 Nxd4 16. Nxd4 Bc7 17. Nf3 Bf5 18. Bd3 Bd7 19. Bf1 Bf5 20. Qd4 Be4 21. Ne5 f6 22. Ng4 h5 23. Rxe4 hxg4 24. Qxd5+ Qxd5 25. Bc4 Rfd8 26. hxg4 Bb6 27. Rf1 Qxc4 28. Rxc4 Rd2 29. Rb4 Re8 30. a4 Ree2 0-1

[Event "*** SCC Grand Prix: Titled Tuesday Blitz"]
[Site "Chess.com"]
[Date "2020.06.09"]
[Round "6"]
[White "AttilaTurzo"]
[Black "Azoulas1"]
[Result "1-0"]
[WhiteElo "2477"]
[BlackElo "1969"]
[TimeControl "180+1"]
[EndTime "10:05:39 PDT"]
[Termination "AttilaTurzo won by resignation"]

1. e4 c5 2. Nf3 e6 3. d4 cxd4 4. Nxd4 Nf6 5. Nc3 d6 6. Be3 a6 7. f3 Nbd7 8. g4 b5 9. g5 Nh5 10. Qd2 Bb7 11. O-O-O Rc8 12. Kb1 Be7 13. Nce2 Nb6 14.
Ng3 Nxg3 15. hxg3 d5 16. g6 dxe4 17. Rxh7 Rg8 18. gxf7+ Kxf7 19. Bh3 Bd5 20. fxe4 Nc4 21. Qf2+ Bf6 22. exd5 Qc7 23. Bxe6+ Kf8 24. Bxg8 Nxe3 25. Ne6+ Kxg8 26. Nxc7 Nxd1 27. Qh2 Rxc7 28. Rh8+ Kf7 29. Qh5+ g6 30. Rh7+ Kf8 31. Qxg6 Rxh7 32. Qxh7 Nxb2 33. Qf5 Kg7 34. d6 Na4 35. d7 Nc3+ 36. Ka1 Nd1+ 37. Qxf6+ Kxf6 38. d8=Q+ 1-0

[Event "*** SCC Grand Prix: Titled Tuesday Blitz"]
[Site "Chess.com"]
[Date "2020.06.09"]
[Round "6"]
[White "GM_Buhmann"]
[Black "bulletteemo"]
[Result "1-0"]
[WhiteElo "2739"]
[BlackElo "2532"]
[TimeControl "180+1"]
[EndTime "10:05:40 PDT"]
[Termination "GM_Buhmann won by resignation"]

1. e4 c5 2. Nf3 e6 3. d4 cxd4 4. Nxd4 Nc6 5. Nc3 Qc7 6. Be3 a6 7. Qf3 Bd6 8. O-O-O Be5 9. Nxc6 bxc6 10. Bd4 Nf6 11.
Bxe5 Qxe5 12. Qg3 Qxg3 13. hxg3 d5 14. f3 O-O 15. g4 h6 16. Bd3 e5 17. Rde1 Re8 18. b3 a5 19. Na4 Ba6 20. Bxa6 Rxa6 21. c4 Ra7 22. cxd5 cxd5 23. exd5 Nxd5 24. Re2 Rc7+ 25.
Kb2 Rec8 26. Rd1 Nf4 27. Red2 f6 28. Nb6 Rb8 29. Rd8+ Rxd8 30. Rxd8+ Kf7 31. g3 Ne2 32. a4 Rc3 33. Rd2 Re3 34. Nc4 Rxf3 35. Rxe2 Rxg3 36. Nxa5 Rxg4 37. Nc4 Ke6 38. a5 Kd7 39. a6 Kc7 40. Rd2 h5 41. a7 Rxc4 42. bxc4 Kb7 43. Rd7+ Ka8 44. Rxg7 e4 45. Kc3 f5 46. Kd4 1-0

[Event "*** SCC Grand Prix: Titled Tuesday Blitz"]
[Site "Chess.com"]
[Date "2020.06.09"]
[Round "6"]
[White "Shuvalov"]
[Black "rakshi2005"]
[Result "1-0"]
[WhiteElo "2456"]
[BlackElo "2330"]
[TimeControl "180+1"]
[EndTime "10:05:40 PDT"]
[Termination "Shuvalov won by resignation"]

1. Nf3 Nf6 2. c4 g6 3. Nc3 Bg7 4. d4 O-O 5. e4 d6 6. h3 Nc6 7. Be3 e5 8. d5 Ne7 9. Nd2 Nd7 10. g4 f5 11. f3 b6 12. b4 a5 13.
a3 axb4 14. axb4 Rxa1 15. Qxa1 fxg4 16. hxg4 c6 17. Qa7 cxd5 18. cxd5 Rf7 19. Nb5 Kh8 20. Nxd6 Rf8 21. Nb5 Qe8 22. Qc7 Rf7 23. Nd6 Qf8 24. Nxf7+ Qxf7 25. d6 Ng8 26. Qxc8 Nf6 27. Bc4 Qa7 28.
Ke2 1-0

[Event "*** SCC Grand Prix: Titled Tuesday Blitz"]
[Site "Chess.com"]
[Date "2020.06.09"]
[Round "6"]
[White "kingmonkey2006"]
[Black "praveenb2002"]
[Result "0-1"]
[WhiteElo "2581"]
[BlackElo "2761"]
[TimeControl "180+1"]
[EndTime "10:05:44 PDT"]
[Termination "praveenb2002 won by resignation"]

1. e4 c6 2. Nf3 d5 3. Nc3 Nf6 4. exd5 cxd5 5. d4 Bg4 6. h3 Bh5 7. Be2 Nc6 8. O-O e6 9. Ne5 Bxe2 10. Nxe2 Nxe5 11. dxe5 Nd7 12. f4 Bc5+ 13. Kh1 O-O 14. Nd4 Qb6 15. Nf3 f6 16. Bd2 fxe5 17. fxe5 Qxb2 18. Rb1 Qxa2 19. Rxb7 Qa4 20. Qa1 Qc6 21.
Rb3 Bb6 22. Rc3 Qb5 23. Re1 Rac8 24. Ng5 Rxc3 25. Qxc3 Rf1+ 26. Kh2 Bg1+ 27. Kh1 Bd4+ 0-1

[Event "*** SCC Grand Prix: Titled Tuesday Blitz"]
[Site "Chess.com"]
[Date "2020.06.09"]
[Round "6"]
[White "killer311"]
[Black "putra48"]
[Result "1-0"]
[WhiteElo "2396"]
[BlackElo "2591"]
[TimeControl "180+1"]
[EndTime "10:05:44 PDT"]
[Termination "killer311 won by resignation"]

1. d4 d5 2. c4 e6 3. e3 Nf6 4.
Nf3 c5 5. cxd5 Nxd5 6. Bb5+ Bd7 7. Bxd7+ Nxd7 8. O-O Be7 9. b3 cxd4 10. Nxd4 O-O 11. Bb2 Bf6 12. Nc3 N5b6 13. Ne4 Be5 14. f4 Bb8 15.
Nb5 Qe7 16. Ba3 Qe8 17. Bxf8 Qxf8 18. Qd4 a6 19. Nbd6 Ba7 20. Kh1 Nd5 21. Qd3 Nxe3 22.
Rf3 Nd5 23. Ng5 f5 24. Nxb7 N7f6 25. Nxe6 Qe7 26. Nbd8 Rxd8 27. Nxd8 Qxd8 28. Qxf5 Qd7 29. Qxd7 Nxd7 30. Rd1 N7f6 31. g3 h5 32. Rfd3 Ne3 33. Re1 Nfg4 34. Re2 Nf5 35. Kg2 a5 36. h3 Nf6 37.
Re5 Nd4 38. Rxa5 Bb6 39. Ra6 Bc5 40. b4 1-0

[Event "*** SCC Grand Prix: Titled Tuesday Blitz"]
[Site "Chess.com"]
[Date "2020.06.09"]
[Round "6"]
[White "LileKoridze"]
[Black "maciejos95"]
[Result "0-1"]
[WhiteElo "2298"]
[BlackElo "2486"]
[TimeControl "180+1"]
[EndTime "10:05:46 PDT"]
[Termination "maciejos95 won by resignation"]

1. d4 Nf6 2. c4 g6 3. Nc3 d5 4. Nf3 Bg7 5. Bg5 O-O 6. e3 c6 7. Bd3 dxc4 8. Bxc4 b5 9. Bd3 Bb7 10. a3 a6 11. O-O Nbd7 12. b4 a5 13. Qb3 axb4 14.
axb4 Nb6 15. e4 Qc7 16. e5 Nfd5 17. Ne4 h6 18. Bd2 Rxa1 19. Rxa1 Ra8 20. Rxa8+ Bxa8 21. Nc5 Bb7 22. h3 Bc8 23. e6 Bxe6 24. Nxe6 fxe6 25. Bxg6 Nc4 26. Bc1 Nf4 27. Be4 Ne2+ 28. Kf1 Nxc1 29. Qc2 Qf4 30. Bxc6 Na2 31. Bxb5 Nd6 32. Qxa2 Qc1+ 33.
Ne1 Nxb5 34. Qxe6+ Kh8 35. Qxe7 Nxd4 36. Qe8+ Kh7 37.
Qe4+ Kg8 38. Qe8+ Kh7 39. Qe4+ Kg8 40. Qe8+ Bf8 41. Qg6+ Kh8 42. Qf6+ Bg7 43. Qd8+ Kh7 44. b5 Qc4+ 45. Kg1 Qe2 46. Nf3 Qd1+ 47. Kh2 Nxf3+ 0-1

[Event "*** SCC Grand Prix: Titled Tuesday Blitz"]
[Site "Chess.com"]
[Date "2020.06.09"]
[Round "6"]
[White "bugsbunny444"]
[Black "SketchyMoves"]
[Result "0-1"]
[WhiteElo "2493"]
[BlackElo "2656"]
[TimeControl "180+1"]
[EndTime "10:05:47 PDT"]
[Termination "SketchyMoves won by resignation"]

1. Nf3 b6 2. g3 Bb7 3. Bg2 g6 4. O-O Bg7 5. d4 Nf6 6. c4 d6 7. d5 b5 8. Nc3 bxc4 9. Qa4+ Nbd7 10. e4 O-O 11. Qxc4 a5 12. Re1 Nc5 13. e5 Nfd7 14. exd6 cxd6 15. Bg5 Re8 16. Rad1 h6 17. Be3 Ba6 18.
Qh4 h5 19. Nd4 Ne5 20. Nc6 Qc7 21. Bxc5 dxc5 22. Nxe7+ Qxe7 23. Qxe7 Rxe7 24. d6 Rea7 25. Bxa8 Rxa8 26. Nd5 Nf3+ 27. Kg2 Nxe1+ 28. Rxe1 Bb7 0-1

[Event "*** SCC Grand Prix: Titled Tuesday Blitz"]
[Site "Chess.com"]
[Date "2020.06.09"]
[Round "6"]
[White "Susal_De_Silva"]
[Black "GoValya"]
[Result "1/2-1/2"]
[WhiteElo "2354"]
[BlackElo "2185"]
[TimeControl "180+1"]
[EndTime "10:05:47 PDT"]
[Termination "Game drawn by agreement"]

1. e4 g6 2. d4 Bg7 3. Nc3 c5 4. d5 d6 5. h4 Nf6 6. Be2 O-O 7. h5 b5 8. Bxb5 Nxe4 9. Nxe4 Qa5+ 10. c3 Qxb5 11.
Ne2 Ba6 12. N2g3 Nd7 13. Bf4 Ne5 14. Bxe5 Bxe5 15. Qd2 Rab8 16. O-O-O Qa4 17. b3 Qa5 18. Ne2 Bxe2 19. Qxe2 Bxc3 20. Rd3 Qa3+ 21. Kd1 Rxb3 22. Qc2 Rb2 23. Rxc3 Qxa2 24. Qd3 Rfb8 25. Nd2 a5 26. Ke2 Rxd2+ 27. Qxd2 Rb2 28. Rd3 Rxd2+ 29. Rxd2 Qc4+ 30. Ke3 1/2-1/2